 Dungeon Crawl Stone Soup version 0.30.1 (webtiles) character file.

Game seed: 17964603757829877489

275 safid the Chiller (level 6, -7/47 HPs)
             Began as a Merfolk Ice Elementalist on July 10, 2023.
             Killed from afar by a frost-covered statue (13 damage)
             ... with a puff of frost
             ... on level 3 of the Dungeon.
             The game lasted 00:05:09 (2289 turns).

safid the Chiller (Merfolk Ice Elementalist)        Turns: 2289, Time: 00:05:10

Health: -7/47      AC:  2    Str:  9    XL:     6   Next: 25%
Magic:  10/11      EV: 12    Int: 16    God:
Gold:   122        SH:  0    Dex: 14    Spells: 8/12 levels left

rFire   . . .        m - +0 hand axe (venom)
rCold   . . .        (no shield)
rNeg    . . .        a - +0 robe
rPois   .            (no helmet)
rElec   .            (no cloak)
rCorr   .            (no gloves)
SInv    .            (no boots)
Will    .....        f - amulet of regeneration
Stlth   ++           (no ring)
HPRegen 1.07/turn    (no ring)
MPRegen 0.12/turn

%: no passive effects
@: no status effects
A: (nimble swimmer 2), mertail
a: no special abilities


You were on level 3 of the Dungeon.
You visited 1 branch of the dungeon, and saw 3 of its levels.

You collected 122 gold pieces.

Inventory:

Hand Weapons
 m - a +0 hand axe of venom (weapon)
Armour
 a - a +0 robe (worn)
Jewellery
 f - an amulet of regeneration (around neck)
Scrolls
 d - a scroll of acquirement {unknown}
 e - a scroll of fog {unknown}
 g - 2 scrolls of enchant armour {unknown}
 h - a scroll of fear {unknown}
 i - 2 scrolls of teleportation {unknown}
 j - a scroll of summoning {unknown}
 l - a scroll of identify {unknown}
 n - a scroll of immolation {unknown}
Potions
 b - a potion of magic
 c - a potion of lignification {unknown}
 k - 2 potions of curing {unknown}


   Skills:
 + Level 3.5 Fighting
 - Level 2.6 Dodging
 - Level 2.1 Stealth
 + Level 3.7 Spellcasting
 + Level 5.9 Ice Magic


You had 8 spell levels left.
You knew the following spells:

 Your Spells              Type           Power      Damage    Failure   Level
a - Freeze                Ice            84%        1d9       1%          1
b - Frozen Ramparts       Ice            42%        1d7       4%          3

Your spell library contained the following spells:

 Spells                   Type           Power      Damage    Failure   Level
 Ozocubu's Armour         Ice            21%        N/A       4%          3
 Ensorcelled Hibernation  Hex/Ice        24%        N/A       8%          2
 Foxfire                  Conj/Fire      8%         2x1d4     17%         1
 Sandblast                Erth           4%         2d4       17%         1
 Passwall                 Tmut/Erth      1%         N/A       26%         2
 Ignite Poison            Fire/Tmut/Pois 2%         N/A       45%         3
 Spider Form              Tmut/Pois      2%         N/A       45%         3
 Stone Arrow              Conj/Erth      4%         3d7       45%         3
 Summon Ice Beast         Ice/Summ       12%        N/A       45%         4
 Anguish                  Hex/Necr       1%         N/A       86%         4
 Animate Armour           Summ/Erth      4%         N/A       86%         4
 Dragon Form              Tmut           1%         N/A       100%        7
 Ignition                 Fire           1%         3d3       100%        8
 Lehudib's Crystal Spear  Conj/Erth      1%         10d2      100%        8


Dungeon Overview and Level Annotations

Branches:
Dungeon (3/15)

Altars:
Vehumet

Annotations:
D:3 exclusion: statue


Innate Abilities, Weirdness & Mutations

((You are very nimble when in or above water. (Stealth+, EV+, Speed+++)))
Your lower body shifts to a powerful aquatic tail in water.


Message History

The frost-covered statue is heavily damaged.
You hit the frost-covered statue but do no damage.
The frost-covered statue is heavily damaged.
The frost-covered statue gestures at you.
The puff of frost misses you.
You hit the frost-covered statue but do no damage.
The frost-covered statue is heavily damaged.
The frost-covered statue gestures at you.
The puff of frost hits you!
You hit the frost-covered statue but do no damage.
The frost-covered statue is heavily damaged.
The frost-covered statue gestures at you.
The puff of frost hits you!
You hit the frost-covered statue.
The frost-covered statue is heavily damaged.
The frost-covered statue gestures at you.
The puff of frost hits you.
* * * LOW HITPOINT WARNING * * *
You hit the frost-covered statue.
The frost-covered statue is almost destroyed.
You hit the frost-covered statue but do no damage.
The frost-covered statue is almost destroyed.
The frost-covered statue gestures at you.
The puff of frost hits you.
* * * LOW HITPOINT WARNING * * *
You hit the frost-covered statue but do no damage.
You punch the frost-covered statue, but do no damage.
The frost-covered statue is almost destroyed.
You hit the frost-covered statue but do no damage.
The frost-covered statue is almost destroyed.
The frost-covered statue gestures at you.
The puff of frost misses you.
You hit the frost-covered statue but do no damage.
The frost-covered statue is almost destroyed.
The frost-covered statue gestures at you.
The puff of frost hits you!
* * * LOW HITPOINT WARNING * * *
The frost-covered statue gestures at you.
The puff of frost hits you!
You die...

.......# ######.# # #.# #
#.# # #.#################
# #.........).......## #
#.###.#.#########..# ##
#.# #...#.......#..#
.#####.# ###.#.8@_......#
.......# #.#.......#..#
#####..## #.#########..#
#####..####............#
#...........#.###.###..#
#........####.# #.# #.##
#........# #.# #.# #.#
##........####.###.###.##
..........##............#


You could see a frost-covered statue.

Vanquished Creatures
  Grinder (D:3)
  An adder (D:3)
  2 worms (D:2)
  2 dart slugs
  5 orcs (D:3)
  7 endoplasms
  A giant cockroach (D:1)
  11 goblins
  4 hobgoblins
  6 jackals
  4 kobolds
  A quokka (D:2)
  3 ball pythons
  5 bats
  4 frilled lizards
  6 rats
63 creatures vanquished.

Notes
Turn   | Place    | Note
-------+----------+-------------------------------------------
     0 | D:1      | safid the Merfolk Ice Elementalist began the quest for the
                  | Orb.
     0 | D:1      | Reached XP level 1. HP: 13/13 MP: 3/3
   145 | D:1      | Reached XP level 2. HP: 15/20 MP: 1/5
   150 | D:1      | Reached skill level 1 in Fighting
   390 | D:1      | Reached XP level 3. HP: 11/26 MP: 0/6
   394 | D:1      | Learned a level 3 spell: Frozen Ramparts
  1127 | D:2      | Reached skill level 5 in Ice Magic
  1264 | D:2      | Reached XP level 4. HP: 31/33 MP: 2/8
  1585 | D:3      | Noticed Grinder
  1587 | D:3      | Paralysed by something for 4 turns
  1908 | D:3      | Got the Elucidation of Heat and Vicissitude
  2067 | D:3      | Found a radiant altar of Vehumet.
  2067 | D:3      | Noticed a frost-covered statue
  2115 | D:3      | Killed Grinder
  2116 | D:3      | Reached XP level 5. HP: 14/41 MP: 3/10
  2116 | D:3      | Reached XP level 6. HP: 16/47 MP: 3/11
  2289 | D:3      | Killed from afar by a frost-covered statue

Illustrated notes

Levels and vault maps discovered:
D:1:      amcnicky_arrival_double_pillar, layout_rooms, minmay_tromino_v4_a
D:2:      layout_loops_ring
D:3:      layout_basic, vehumet_statue, uniq_grinder

Skill      XL: |  1  2  3  4 |
---------------+-------------+-----
Fighting       | 1 3 |  3.5
Ice Magic      | 5 |  5.9
Spellcasting   | 3 |  3.7
Dodging        | |  2.6
Stealth        | |  2.1

Action                     |  1- 3 |  4- 6 || total
---------------------------+-------+-------++-------
  Melee: Hand axe          |    79 |    80 ||   159
         Punch             |       |     4 ||     4
   Cast: Freeze            |    47 |     9 ||    56
         Frozen Ramparts   |       |     4 ||     4
   Stab: Sleeping          |     3 |     1 ||     4
 Armour: Robe              |    35 |     9 ||    44
  Dodge: Dodged            |   103 |    34 ||   137
